Map: Buried Caverns

Players

irvinz

  • Race: Zerg Zerg
  • League: Gold
  • Spawn Location: 5:00

DarkTemplar

  • Race: Protoss Protoss
  • League: Silver
  • Spawn Location: 7:00

BlueHawk

  • Race: Terran Terran
  • League: Bronze
  • Spawn Location: 9:00

Nagle

  • Race: Zerg Zerg
  • League: Silver
  • Spawn Location: 9:00

fortes

  • Race: Zerg Zerg
  • Spawn Location: 3:00

VOD

Have the link to the VOD?

Description

Time

  • Played on: Aug. 31, 2018, 6:53 p.m.
  • Length: 15:57
Show
View Real Time Build Order
Export as new Build Order

irvinz Zerg 

Build Orders: Hatch First, Swarm Host 

Get SALT Encoding   

  12  0:01  Drone  
  13  0:08  Drone  
  14  0:35  Hatchery  
  14  0:42  Overlord  
  13  0:49  Drone  
  14  1:02  Spawning Pool  
  13  1:07  Drone  
  14  1:12  Drone  
  14  1:15  Drone  
  16  1:19  Extractor  
  16  1:21  Drone  
  16  1:28  Drone  
  17  1:49  Zergling x2  
  17  1:50  Queen, Drone  
  21  1:56  Zergling x2  
  22  2:03  Drone  
  22  2:04  Overlord  
  23  2:11  Drone  
  24  2:20  Drone  
  24  2:21  Queen  
  27  2:26  Zergling x2  
  28  2:33  Zergling x2  
  26  2:38  Zergling x2  
  27  2:51  Metabolic Boost  
  27  2:54  Drone  
  28  2:59  Drone  
  28  3:00  Drone  
  28  3:04  Drone  
  31  3:08  Drone x2  
  31  3:11  Drone  
  34  3:17  Drone  
  35  3:21  Drone  
  35  3:23  Overlord  
  36  3:41  Queen  
  36  3:47  Zergling x2, Drone  
  36  3:48  Zergling x4, Drone x2  
  44  3:55  Overlord  
  44  4:03  Overlord  
  44  4:13  Queen  
  44  4:15  Drone x4  
  50  4:18  Drone x2  
  52  4:29  Drone  
  52  4:30  Drone x3  
  55  4:39  Extractor  
  55  4:42  Zergling x6, Drone  
  58  4:47  Drone  
  58  4:50  Extractor  
  58  4:51  Extractor, Drone  
  58  4:53  Drone  
  58  4:56  Hatchery  
  58  4:57  Drone  
  59  5:04  Overlord  
  59  5:05  Zergling x2  
  59  5:15  Lair  
  59  5:22  Drone x3  
  59  5:23  Drone x2  
  59  5:24  Zergling x2  
  65  5:32  Zergling x2  
  66  5:36  Zergling x2  
  67  5:43  Overlord x3  
  67  5:44  Overlord  
  67  5:52  Zergling x2  
  68  6:03  Zergling x4  
  68  6:04  Zergling x6  
  73  6:10  Spine Crawler  
  72  6:12  Zergling x2  
  72  6:13  Zergling x2  
  72  6:17  Zergling x2  
  74  6:21  Zergling x2  
  74  6:24  Hydralisk Den  
  74  6:28  Hatchery  
  74  6:30  Zergling x6  
  74  6:31  Overlord  
  76  6:38  Zergling x2  
  77  6:43  Overlord  
  77  6:45  Zergling x4  
  77  6:46  Zergling x4  
  81  7:02  Hydralisk x2  
  81  7:06  Hydralisk x3  
  91  7:12  Lurker Den  
  91  7:15  Zergling x4  
  91  7:21  Hydralisk x3  
  91  7:22  Hydralisk x2  
  101  7:27  Infestation Pit  
  100  7:31  Drone  
  100  7:34  Evolution Chamber  
  100  7:35  Evolution Chamber  
  82  7:38  Zergling x2  
  82  7:45  Hydralisk x4  
  90  7:56  Drone x4  
  94  7:59  Drone x4  
  94  8:03  Drone  
  99  8:08  Drone  
  99  8:09  Drone  
  101  8:16  Drone x3  
  101  8:19  Drone  
  105  8:21  Swarm Host  
  105  8:22  Extractor x2  
  105  8:23  Pneumatized Carapace  
  105  8:24  Zerg Melee Weapons Level 1  
  105  8:25  Zerg Ground Armor Level 1  
  107  8:27  Drone x2  
  107  8:28  Drone x2  
  107  8:29  Drone x2  
  107  8:30  Drone x2  
  107  8:31  Drone  
  107  8:33  Drone  
  116  8:35  Drone x2  
  116  8:36  Drone x2  
  116  8:40  Drone x4  
  124  8:41  Queen  
  124  8:43  Drone  
  127  8:52  Overlord x3  
  127  9:06  Grooved Spines  
  127  9:08  Overlord  
  127  9:09  Overlord  
  127  9:10  Swarm Host x2  
  127  9:11  Swarm Host x5  
  148  9:21  Drone  
  148  9:23  Hatchery  
  148  9:28  Swarm Host x3  
  148  9:29  Swarm Host  
  160  9:34  Swarm Host x2  
  166  9:44  Extractor  
  165  9:46  Extractor  
  165  9:50  Overlord x4  
  165  9:51  Overlord  
  164  10:09  Swarm Host x2  
  164  10:13  Swarm Host  
  164  10:14  Swarm Host x7  
  172  10:15  Swarm Host  
  172  10:21  Swarm Host  
  196  10:27  Swarm Host  
  198  10:45  Burrow  
  198  11:12  Pathogen Glands  
  198  11:13  Muscular Augments  
  198  11:14  Zerg Ground Armor Level 2  
  198  11:16  Zerg Missile Weapons Level 1  
  198  11:20  Baneling Nest  
  194  12:06  Centrifical Hooks  
  194  12:16  Hive  
  194  12:58  Spire  
  191  13:27  Hydralisk x4  
  181  13:30  Hydralisk x2  
  181  13:31  Hydralisk  
  181  13:33  Baneling x4  
  181  13:34  Baneling x4  
  180  13:39  Hydralisk x6  
  175  13:58  Hydralisk x5  
  175  13:59  Hydralisk x6  
  177  14:08  Hydralisk x2  
  177  14:12  Hydralisk  
  177  14:16  Hydralisk x2  
  183  14:22  Overlord x3  
  182  14:26  Hydralisk  
  179  14:36  Hatchery, Hydralisk  
  179  14:37  Hydralisk  
  170  14:38  Hydralisk x2  
  170  14:39  Hydralisk x2  
  170  14:42  Zergling x6  
  170  14:44  Roach Warren  
  156  14:57  Hydralisk x3  
  156  14:58  Hydralisk x3  
  156  14:59  Hydralisk x2  
  168  15:00  Hydralisk x6  
  168  15:01  Hydralisk x3  
  168  15:05  Hydralisk  
  168  15:07  Hydralisk  
  170  15:11  Drone, Hydralisk  
  170  15:12  Drone x5  
Show
View Real Time Build Order
Export as new Build Order

DarkTemplar Protoss 

Build Orders:  

Get SALT Encoding   

  12  0:01  Probe  
  13  0:13  Probe  
  14  0:18  Pylon  
  14  0:29  Probe  
  15  0:41  Gateway, Probe  
  16  0:53  Probe  
  16  0:56  Assimilator  
  17  1:05  Probe  
  17  1:09  Pylon  
  18  1:17  Probe  
  19  1:30  Cybernetics Core  
  19  1:32  Probe  
  20  1:44  Probe  
  20  1:46  Zealot  
  23  1:50  Assimilator  
  23  1:58  Warp Gate  
  23  2:08  Forge  
  23  2:10  Probe  
  24  2:21  Zealot  
  25  2:34  Probe  
  26  2:38  Nexus  
  26  2:50  Protoss Ground Weapons Level 1, Robotics Facility  
  26  3:13  Gateway  
  26  3:14  Probe  
  27  3:26  Probe  
  28  3:39  Probe  
  28  3:40  Immortal  
  29  3:43  Pylon  
  29  3:51  Probe  
  34  3:59  Pylon  
  34  4:09  Warp Prism  
  34  4:13  Shield Battery  
  35  4:20  Pylon  
  36  4:24  Probe  
  36  4:26  Probe  
  38  4:32  Probe  
  38  4:38  Probe  
  40  4:40  Probe  
  40  4:44  Protoss Ground Armor Level 1  
  41  4:50  Probe  
  42  5:09  Zealot  
  42  5:10  Zealot  
  42  5:12  Photon Cannon  
  42  5:14  Probe x2  
  48  5:19  Robotics Bay  
  48  5:24  Pylon  
  48  5:26  Probe x2  
  50  5:38  Probe  
  51  5:57  Probe x2  
  52  6:00  Zealot x2  
  57  6:09  Probe  
  54  6:18  Colossus  
  52  6:26  Probe x2  
  58  6:41  Robotics Facility  
  58  6:44  Gateway  
  58  6:45  Gateway  
  58  6:46  Probe x2  
  60  6:48  Gateway  
  60  6:50  Assimilator  
  60  6:51  Protoss Shields Level 1  
  60  6:55  Assimilator  
  60  6:57  Pylon  
  60  6:58  Probe  
  60  6:59  Nexus  
  60  7:01  Pylon  
  61  7:04  Pylon  
  61  7:05  Pylon  
  61  7:08  Pylon  
  61  7:11  Pylon  
  61  7:14  Assimilator  
  61  7:19  Assimilator  
  61  7:26  Twilight Council  
  61  7:31  Zealot x2  
  65  7:39  Colossus  
  71  7:47  Charge  
  71  7:52  Stargate  
  71  7:54  Stargate  
  71  7:57  Pylon  
  71  8:01  Pylon  
  71  8:13  Probe x2  
  71  8:16  Probe  
  74  8:22  Protoss Ground Weapons Level 2  
  74  8:24  Colossus  
  74  8:25  Probe x2  
  82  8:57  Probe x3  
  82  9:00  Nexus  
  85  9:04  Pylon x2  
  85  9:05  Phoenix x2  
  89  9:13  Pylon  
  89  9:19  Gateway  
  89  9:24  Probe x2  
  89  9:25  Gateway x2  
  89  9:27  Blink  
  91  9:39  Void Ray  
  91  9:40  Phoenix  
  97  9:51  Extended Thermal Lance  
  97  9:55  Colossus  
  97  9:58  Colossus  
  109  10:09  Phoenix  
  109  10:13  Probe x3  
  114  10:25  Probe x2  
  110  10:39  Colossus  
  110  10:42  Stalker  
  112  10:43  Stalker x2  
  112  10:44  Stalker x2  
  112  10:45  Stalker  
  128  10:58  Colossus  
  128  11:02  Probe x2  
  128  11:04  Protoss Ground Weapons Level 3  
  130  11:09  Assimilator  
  136  11:13  Assimilator  
  136  11:29  Gateway  
  136  11:31  Gateway  
  136  11:34  Shield Battery, Probe x3  
  139  11:46  Probe  
  138  12:22  Colossus  
  138  12:23  Phoenix x2, Colossus  
  152  12:40  Phoenix  
  152  12:42  Protoss Air Weapons Level 1  
  154  12:54  Probe x2  
  156  13:16  Colossus  
  162  13:31  Pylon  
  162  13:34  Pylon  
  162  13:40  Protoss Ground Armor Level 2  
  123  14:20  Zealot x2  
  123  14:21  Zealot x3  
  123  14:22  Zealot x2  
  123  14:23  Zealot x3  
  143  14:26  Colossus x2  
  143  14:29  Phoenix x2  
  159  14:40  Gateway  
  159  14:43  Gateway  
  159  14:45  Pylon  
  159  14:54  Phoenix x2  
  159  14:59  Stalker x2  
  167  15:00  Stalker x2  
  167  15:01  Stalker  
  167  15:02  Stalker x2  
  167  15:03  Stalker x2  
  167  15:04  Stalker  
  183  15:19  Phoenix  
  195  15:21  Gateway  
  195  15:23  Gateway  
  195  15:41  Pylon  
Show
View Real Time Build Order
Export as new Build Order

BlueHawk Terran 

Build Orders: Reaper Expand, MMM Bio 

Get SALT Encoding   

  12  0:19  Supply Depot  
  12  0:22  SCV  
  12  0:28  Refinery  
  13  0:34  SCV  
  14  0:44  Barracks  
  14  0:58  SCV  
  15  1:10  SCV  
  16  1:23  SCV  
  17  1:29  Supply Depot  
  17  1:34  Barracks Reactor  
  17  1:43  Orbital Command  
  17  2:12  Command Center  
  17  2:16  Reaper x2  
  19  2:30  Refinery  
  19  2:33  SCV  
  20  2:41  Factory  
  20  2:52  SCV  
  21  3:04  Marine x2  
  23  3:06  SCV  
  24  3:17  Supply Depot  
  24  3:29  SCV  
  24  3:30  Marine x2  
  26  3:49  SCV  
  27  3:56  Marine x2  
  27  3:57  Factory Tech Lab  
  27  4:01  SCV  
  30  4:06  Barracks  
  30  4:07  Barracks  
  30  4:08  Starport  
  30  4:14  SCV  
  31  4:17  Orbital Command  
  31  4:28  SCV  
  32  4:33  Marine x2  
  33  4:40  Siege Tank  
  33  4:42  SCV  
  33  4:44  SCV  
  38  4:51  Marine  
  39  4:53  Starport Reactor  
  39  4:57  Barracks Tech Lab  
  39  4:58  Barracks Tech Lab  
  39  5:00  Marine  
  40  5:09  Marine  
  40  5:14  SCV x2, Marine  
  43  5:16  Siege Tank  
  43  5:17  Combat Shields, Stimpack  
  43  5:18  Marine  
  48  5:23  Marine  
  48  5:26  SCV  
  50  5:34  SCV  
  50  5:35  Marine x2  
  53  5:36  Engineering Bay  
  53  5:37  Engineering Bay  
  53  5:38  SCV  
  54  5:48  Supply Depot  
  54  5:51  Supply Depot  
  54  6:09  Marine x4, SCV x2, Medivac  
  62  6:12  Siege Tank  
  62  6:13  Terran Infantry Weapons Level 1  
  62  6:15  Terran Infantry Armor Level 1  
  65  6:26  Supply Depot  
  65  6:29  Marine x2, Supply Depot  
  65  6:30  Marine x2  
  69  6:38  SCV, Refinery  
  70  6:47  SCV  
  70  6:52  Marine  
  70  6:53  Marine x3  
  75  6:56  Medivac  
  77  7:08  Refinery  
  77  7:10  Siege Tank, Marine x2  
  77  7:11  Marine x2, Medivac  
  86  7:24  Armory  
  86  8:05  Missile Turret, Supply Depot x3  
  86  8:07  Supply Depot  
  86  8:21  Command Center, Terran Infantry Armor Level 2  
  86  8:26  Siege Tank, Marine x4, SCV x2, Medivac  
  86  8:27  Medivac  
  99  8:35  Ghost Academy  
  99  8:37  Ghost Academy  
  99  8:38  SCV x2  
  101  8:44  Marine x2  
  101  8:46  Marine x2  
  105  8:50  SCV  
  106  8:56  Supply Depot  
  106  8:57  Supply Depot  
  106  8:58  Supply Depot  
  106  9:02  Marine  
  107  9:04  SCV  
  108  9:12  SCV  
  108  9:13  Marine x3, Refinery  
  108  9:15  Medivac  
  114  9:20  Marine  
  115  9:24  Personal Cloaking  
  115  9:26  Nuke  
  115  9:31  Marine  
  116  9:33  SCV x2  
  118  9:44  Terran Infantry Weapons Level 2  
  118  9:53  Command Center  
  118  10:08  SCV x2  
  118  10:09  SCV  
  118  10:13  Ghost x2  
  122  10:35  SCV  
  122  10:36  SCV  
  125  10:43  Orbital Command  
  124  10:54  Ghost Academy  
  124  10:58  Ghost Academy  
  124  11:04  SCV x2  
  124  11:05  Barracks  
  124  11:06  Barracks  
  124  11:08  Marine x2  
  124  11:09  Marine x2  
  124  11:10  Siege Tank  
  124  11:11  Medivac x2  
  135  11:14  Nuke  
  135  11:16  SCV  
  138  11:26  Marine x3  
  141  11:46  Marine x2  
  139  11:47  Marine x2  
  141  12:00  Siege Tank  
  144  12:02  Medivac  
  144  12:03  Barracks Tech Lab x2  
  144  12:04  Marine x3  
  144  12:05  Marine  
  150  12:22  Marine x4  
  152  12:25  Nuke x2  
  152  12:26  Ghost Academy  
  154  12:30  Ghost x2  
  154  12:33  Widow Mine  
  154  12:34  SCV x2  
  162  12:38  SCV  
  162  12:40  Marine x3, Ghost  
  162  12:41  Medivac x2  
  172  12:52  Planetary Fortress  
  171  13:45  Supply Depot  
  171  13:46  Supply Depot x2  
  171  13:54  Factory  
  171  13:55  SCV  
  172  14:06  SCV x2, Ghost x3  
  172  14:07  Siege Tank, SCV, Ghost  
  186  14:19  SCV  
  187  14:34  Ghost  
  187  14:35  Ghost  
Show
View Real Time Build Order
Export as new Build Order

Nagle Zerg 

Build Orders: Pool First 

Get SALT Encoding   

  12  0:19  Spawning Pool  
  11  0:24  Drone  
  11  0:27  Drone  
  13  0:31  Drone  
  14  0:41  Overlord  
  14  1:11  Zergling x4  
  14  1:12  Zergling x2  
  17  1:22  Queen  
  17  1:24  Zergling x2  
  20  1:37  Drone  
  21  1:54  Hatchery  
  20  2:08  Extractor  
  19  2:20  Spine Crawler  
  18  2:24  Spine Crawler  
  18  2:26  Drone x3  
  17  2:48  Drone  
  17  2:49  Drone x2  
  19  3:22  Drone x3  
  19  3:24  Drone x3  
  19  3:25  Queen, Drone  
  28  3:34  Spine Crawler  
  28  3:35  Drone  
  28  3:37  Spine Crawler  
  27  3:48  Extractor  
  26  3:58  Drone x2  
  26  3:59  Overlord  
  26  4:00  Overlord  
  28  4:07  Baneling Nest  
  27  4:29  Zergling x8  
  27  4:30  Zergling x4  
  33  4:32  Spine Crawler  
  32  4:39  Drone  
  33  4:49  Hatchery  
  32  4:53  Drone x2  
  34  5:01  Metabolic Boost  
  34  5:09  Drone x3  
  37  5:15  Drone x2  
  37  5:17  Drone  
  40  5:49  Zergling x2  
  42  5:50  Zergling x6  
  42  5:51  Overlord x5  
  41  6:16  Zergling x2  
  41  6:17  Zergling x16  
  41  6:18  Zergling x6  
  50  6:33  Queen  
  50  6:35  Drone x2  
  54  6:50  Drone x3, Evolution Chamber  
  54  6:52  Drone x3, Evolution Chamber  
  58  7:00  Baneling x2  
  58  7:01  Baneling x7  
  58  7:02  Baneling x3  
  58  7:05  Drone  
  58  7:06  Drone  
  58  7:08  Drone  
  61  7:11  Drone  
  61  7:12  Drone  
  63  7:23  Lair  
  63  7:24  Burrow  
  63  7:27  Drone  
  63  7:29  Drone x4  
  65  7:50  Drone x3  
  68  7:57  Extractor  
  67  7:59  Extractor  
  66  8:08  Roach Warren  
  65  8:15  Drone x2  
  67  8:20  Extractor, Drone  
  67  8:21  Extractor, Drone x2  
  68  8:33  Hydralisk Den  
  67  8:35  Drone  
  67  8:37  Roach Warren  
  67  8:53  Zerg Ground Armor Level 1  
  67  8:55  Zerg Missile Weapons Level 1  
  67  9:05  Roach x5  
  67  9:06  Roach x3  
  67  9:07  Roach x2  
  67  9:08  Hydralisk  
  89  9:10  Overlord x6  
  89  9:11  Overlord x4  
  89  9:12  Overlord  
  89  9:32  Lurker Den  
  88  9:49  Drone x2  
  88  9:50  Drone  
  91  10:02  Drone x3  
  91  10:05  Hatchery  
  93  10:17  Hydralisk x6  
  93  10:18  Hydralisk x6  
  93  10:19  Hydralisk x2  
  115  10:49  Zerg Melee Weapons Level 1  
  115  10:50  Zerg Missile Weapons Level 2  
  115  10:53  Zergling x10  
  115  10:54  Zergling x14  
  115  10:55  Zergling x6  
  130  11:12  Drone x2  
  115  11:54  Hydralisk x7  
  113  11:55  Hydralisk  
  113  11:56  Roach x6  
  141  12:19  Drone x3  
  144  12:23  Extractor  
  143  12:36  Roach x8  
  143  12:37  Roach x2  
  163  12:44  Infestation Pit  
  149  12:53  Drone x4  
  149  12:56  Queen  
  127  13:27  Roach x7  
  121  13:28  Roach x7  
  121  13:29  Roach  
  145  13:35  Glial Reconstitution  
  145  13:37  Grooved Spines  
  145  13:40  Zerg Ground Armor Level 2  
  145  13:46  Hive  
  135  14:13  Roach x3  
  135  14:14  Roach x7  
  135  14:15  Roach x2  
  137  14:41  Roach x3  
  137  14:42  Roach x5  
  121  15:00  Roach x3  
  121  15:01  Roach x5  
Show
View Real Time Build Order
Export as new Build Order

fortes Zerg 

Build Orders: Pool First 

Get SALT Encoding   

  12  0:03  Drone  
  13  0:13  Overlord  
  13  0:24  Drone  
  14  0:35  Drone x2  
  16  0:42  Drone  
  17  0:52  Drone  
  17  0:53  Spawning Pool  
  17  1:01  Drone  
  18  1:09  Drone  
  19  1:22  Drone  
  20  1:29  Overlord, Hatchery  
  19  1:48  Drone  
  19  1:51  Queen  
  19  1:54  Drone  
  23  1:59  Extractor  
  22  2:03  Extractor  
  21  2:26  Drone x3  
  24  2:43  Drone x2  
  26  2:55  Zergling x4  
  28  3:00  Drone  
  29  3:10  Drone x2  
  31  3:15  Lair, Hatchery  
  31  3:17  Drone  
  31  3:40  Drone x4  
  34  3:51  Drone x2  
  36  3:57  Extractor  
  36  3:59  Overlord x2  
  35  4:07  Spine Crawler  
  34  4:10  Spine Crawler  
  33  4:17  Drone  
  33  4:18  Drone x2  
  36  4:30  Hatchery  
  35  4:33  Drone x4  
  35  4:34  Drone x2  
  35  4:36  Metabolic Boost  
  41  4:41  Queen  
  41  4:44  Queen  
  45  4:46  Drone x2  
  45  4:47  Drone  
  48  4:59  Drone x3, Hydralisk Den  
  50  5:06  Drone x2  
  52  5:37  Hydralisk  
  52  5:38  Hydralisk x2  
  52  5:40  Overlord x4  
  58  5:51  Drone  
  58  5:52  Drone x5  
  56  6:16  Hydralisk x2  
  56  6:19  Hydralisk  
  56  6:20  Hydralisk x7  
  68  6:30  Drone x5  
  73  7:04  Hydralisk x8  
  73  7:06  Overlord x4  
  89  7:21  Drone x3  
  89  7:22  Drone x4  
  96  7:45  Extractor  
  95  7:51  Extractor  
  95  7:53  Zergling x24  
  95  7:54  Zergling x6  
  109  8:25  Hatchery  
  108  8:31  Hydralisk x8  
  124  8:35  Zergling x8  
  128  9:05  Hatchery  
  127  9:19  Zergling x2  
  127  9:20  Spire  
  127  9:21  Zergling x2, Overlord x3  
  127  9:22  Overlord x2  
  128  9:38  Hydralisk  
  128  9:43  Hydralisk  
  132  9:46  Zergling x2  
  132  9:47  Zergling x12  
  94  10:32  Mutalisk  
  94  10:35  Zergling x10  
  73  10:36  Zergling x18  
  73  10:48  Zergling x2  
  73  10:49  Zergling x8  
  76  11:00  Mutalisk  
  76  11:03  Zergling x2, Drone  
  76  11:04  Drone x2  
  82  11:22  Zergling x2  
  82  11:23  Zergling x18  
  92  11:30  Mutalisk  
  92  11:31  Mutalisk x2  
  98  12:09  Zerg Flyer Weapons Level 1  
  98  12:11  Hydralisk x2  
  98  12:13  Overlord x4  
  98  12:15  Zergling x18  
  105  12:34  Spine Crawler  
  104  12:38  Spore Crawler  
  104  12:39  Drone  
  104  12:40  Zergling x2, Drone x3, Spine Crawler  
  104  12:41  Zergling x10  
  104  12:43  Spore Crawler  
  111  12:51  Extractor  
  110  12:59  Extractor  
  110  13:01  Extractor  
  56  13:22  Mutalisk x7  
  56  13:25  Zergling x2  
  56  13:26  Zergling x8  
  73  13:43  Hydralisk  
  73  13:44  Hydralisk x3  
  73  13:47  Drone x4  
  81  14:03  Zerg Flyer Armor Level 1  
  70  14:12  Spore Crawler  
  70  14:14  Spine Crawler  
  64  14:17  Spine Crawler, Spore Crawler  
  64  14:19  Spore Crawler  
  64  14:21  Spore Crawler  
  64  14:22  Spore Crawler  
  64  14:23  Spore Crawler  
  56  14:25  Zergling x24  
  67  14:36  Zergling x2  
  65  14:45  Zergling x2  
  59  14:46  Zergling x4  
  55  14:59  Spine Crawler x2  
  48  15:00  Drone  
  48  15:01  Drone  
  39  15:18  Drone x3  
  21  15:23  Spore Crawler, Spine Crawler  
  12  15:43  Drone x3  
Tags
 
Add a new tag
Caveats
  • Supply blocks, unpowered buildings, or Contaminate may cause inaccurate times.
  • Supply counts are checked every 10 seconds.